 Dungeon Crawl Stone Soup version 0.28.0-53-g5a82cb258f (webtiles) character file.

Game seed: 9706211644333122753

1101 Tirrikindir the Slasher (level 8, 0/54 HPs)
             Began as an Octopode Fighter on Aug 19, 2022.
             Was an Initiate of Gozag.
             Slain by Eustachio
             ... wielding a +0 falchion
              (9 damage)
             ... on level 6 of the Dungeon.
             The game lasted 00:11:17 (5208 turns).

Tirrikindir the Slasher (Octopode Fighter)          Turns: 5208, Time: 00:11:18

Health: 0/54       AC:  1    Str: 15    XL:     8   Next: 32%
Magic:  8/8        EV: 14    Int: 12    God:    Gozag
Gold:   385        SH:  5    Dex: 14    Spells: 7/7 levels left

rFire   . . .      SeeInvis .   a - +0 long sword
rCold   . . .      Faith    .   b - +0 buckler
rNeg    . . .      Spirit   .   (helmet restricted)
rPois   +          Reflect  .   (no amulet)
rElec   .          Harm     .   s - ring of poison resistance
rCorr   .          Rampage  .   t - ring of wizardry
Will    .....                   (no ring)
Stlth   ++++......              (no ring)
HPRegen 0.18/turn               (no ring)
MPRegen 0.11/turn               (no ring)
                                (no ring)
                                (no ring)

@: gold aura
A: almost no armour, amphibious, 8 rings, camouflage 1, gelatinous body 1,
(nimble swimmer 1), tentacles, clever 1
a: Renounce Religion, Potion Petition, Call Merchant, Bribe Branch


You were on level 6 of the Dungeon.
You worshipped Gozag.
Gozag was aware of your devotion.
You visited 2 branches of the dungeon, and saw 7 of its levels.

You collected 1154 gold pieces.
You paid 769 gold pieces to Gozag.

Inventory:

Hand Weapons
 a - a +0 long sword (weapon)
Armour
 b - a +0 buckler (worn)
Jewellery
 g - a ring of fire
 s - a ring of poison resistance (left tentacle)
 t - a ring of wizardry (right tentacle)
Wands
 p - a wand of paralysis (9)
Scrolls
 d - a scroll of enchant weapon
 i - 2 scrolls of fear
 j - a scroll of enchant armour
 k - a scroll of amnesia
 n - a scroll of magic mapping {unknown}
 o - a scroll of noise {unknown}
 r - a scroll of blinking {unknown}
Potions
 f - a potion of curing
 h - 2 potions of ambrosia
 m - 2 potions of mutation


   Skills:
 - Level 4.0 Fighting
 * Level 7.4 Long Blades
 - Level 4.0 Dodging
 - Level 6.0 Stealth
 - Level 4.0 Shields


You had 7 spell levels left.
You didn't know any spells.
Your spell library contained the following spells:

 Spells                   Type           Power      Damage    Failure   Level
 Conjure Flame            Conj/Fire      0%         6-21      43%         3
 Ignite Poison            Fire/Tmut/Pois 0%         N/A       43%         3
 Summon Guardian Golem    Hex/Summ       0%         N/A       43%         3
 Tukima's Dance           Hex            0%         N/A       43%         3
 Anguish                  Hex/Necr       0%         N/A       82%         4
 Sticky Flame             Conj/Fire      0%         2d3       82%         4
 Enfeeble                 Hex            0%         N/A       100%        7
 Orb of Destruction       Conj           0%         9d5       100%        7
 Spellforged Servitor     Conj/Summ      0%         N/A       100%        7


Dungeon Overview and Level Annotations

Branches:
Dungeon (6/15)             Temple (1/1) D:5

Altars:
Ashenzari
Cheibriados
Dithmenos
Elyvilon
Gozag
Makhleb
Nemelex Xobeh
Okawaru
Qazlal
Sif Muna
Trog
Uskayaw
Wu Jian
Xom
Yredelemnul
The Shining One

Shops:
D:5 [

Annotations:
D:6 Eustachio


Innate Abilities, Weirdness & Mutations

You cannot wear most types of armour.
You are amphibious.
You can wear up to eight rings at the same time.
Your skin changes colour to match your surroundings (Stealth+).
Your rubbery body absorbs attacks. (AC +1, EV +1)
((You are camouflaged when in or above water. (Stealth+)))
You have tentacles for arms and can constrict up to eight enemies at once.
Your mind is acute. (Int +2)


Message History

The shadow imp disappears in a puff of smoke!
The orc hits you with a +0 club.
Things that are here:
6 gold pieces; a +0 flail You hit the orc.
You grab the orc.
The orc is almost dead.
You constrict the orc.
You kill the orc!
Eustachio mumbles some strange words.
You hit the crimson imp. Your grab misses the crimson imp.
The crimson imp is lightly wounded.
The crimson imp hits you.
* * * LOW HITPOINT WARNING * * *
You slash the crimson imp! Your grab misses the crimson imp.
The crimson imp is severely wounded.
The crimson imp barely misses you.
Eustachio casts a spell.
You slash the crimson imp!
You kill the crimson imp!
The crimson imp disappears in a puff of smoke!
Eustachio mumbles some strange words.
The crimson imp blinks!
Eustachio hits you with a +0 falchion!
* * * LOW HITPOINT WARNING * * *
Things that are here:
4 gold pieces; a +0 club You closely miss Eustachio.
You grab Eustachio.
Eustachio is heavily wounded.
You constrict Eustachio.
Eustachio gestures wildly while chanting.
Eustachio struggles to blink free from constriction.
You slash Eustachio!
Eustachio is severely wounded.
You constrict Eustachio. Eustachio completely misses you.
The crimson imp shouts, "Slither away, thou venomed swag-bellied bugbear!"
You hit Eustachio but do no damage.
Eustachio is severely wounded.
You constrict Eustachio. Eustachio hits you with a +0 falchion!
You die...
Your body crumbles into a pile of gold.

#.......#
#.......#W
#..5......
#.......##
#.......##
#r$.......
#5#.######
#@#.# #@#.#
#$#.# #.#.#
######.#.#
#......#.#
#......#.#
#........##
#............
#.....#######


You could see Eustachio, a crimson imp (summoned), a river rat (summoned) and a
white imp (summoned).

Vanquished Creatures
  A yak (D:6)
  A water moccasin (D:3)
  A sky beast (D:6)
  2 hornet zombies (D:5)
  A phantom (D:6)
  A howler monkey (D:5)
  A bullfrog zombie (D:6)
  A centaur zombie (D:5)
  An orc priest (D:3)
  A hound (D:6)
  A jelly (D:5)
  3 orc wizards
  2 iguanas
  2 howler monkey zombies (D:5)
  6 adders
  A worm (D:3)
  4 dart slugs
  13 orcs
  4 ball pythons
  8 endoplasms
  2 giant cockroaches
  5 goblins
  7 hobgoblins
  15 jackals
  10 kobolds
  6 quokkas
  6 bats
  3 frilled lizards
  4 rats
113 creatures vanquished.

Notes
Turn   | Place    | Note
-------+----------+-------------------------------------------
     0 | D:1      | Tirrikindir the Octopode Fighter began the quest for the
                  | Orb.
     0 | D:1      | Reached XP level 1. HP: 16/16 MP: 1/1
   265 | D:1      | Reached XP level 2. HP: 21/21 MP: 2/2
   587 | D:1      | Reached skill level 1 in Stealth
   765 | D:2      | Reached XP level 3. HP: 23/26 MP: 3/3
  1559 | D:2      | You fall into a shaft and drop 2 floors!
  1592 | D:4      | Reached XP level 4. HP: 28/31 MP: 4/4
  1649 | D:4      | Reached skill level 3 in Long Blades
  1930 | D:3      | Reached XP level 5. HP: 36/36 MP: 5/5
  2018 | D:3      | Noticed a water moccasin
  2029 | D:3      | Killed a water moccasin
  2030 | D:3      | Reached skill level 4 in Long Blades
  2030 | D:3      | Reached XP level 6. HP: 21/43 MP: 6/6
  2326 | D:3      | Found a shimmering altar of Xom.
  2329 | D:3      | Found a shimmering altar of Xom.
  2330 | D:3      | Found a shimmering altar of Xom.
  2330 | D:3      | Found a shimmering altar of Xom.
  2331 | D:3      | Found a shimmering altar of Xom.
  2386 | D:3      | Found a faded altar of an unknown god.
  2435 | D:2      | Identified a scroll of acquirement
  2436 | D:2      | Acquired 847 gold pieces
  3468 | D:5      | Entered Level 5 of the Dungeon
  3733 | D:5      | Found a staircase to the Ecumenical Temple.
  3754 | Temple   | Entered the Ecumenical Temple
  3761 | Temple   | Became a worshipper of Gozag Ym Sagoz the Greedy
  3816 | D:5      | Reached XP level 7. HP: 36/48 MP: 7/7
  3996 | D:5      | Reached skill level 5 in Long Blades
  4280 | D:5      | Reached skill level 5 in Stealth
  4464 | D:5      | Gained mutation: Your mind is acute. (Int +2) [potion of
                  | mutation]
  4774 | D:6      | Reached skill level 6 in Long Blades
  4918 | D:6      | Reached XP level 8. HP: 38/54 MP: 8/8
  5017 | D:6      | Noticed a yak
  5022 | D:6      | Noticed a yak
  5033 | D:6      | Noticed a yak
  5033 | D:6      | Noticed a yak
  5034 | D:6      | Killed a yak
  5034 | D:6      | Noticed a yak
  5035 | D:6      | Reached skill level 7 in Long Blades
  5164 | D:6      | Noticed Eustachio
  5184 | D:6      | HP: 1/54 [orc/+0 flail (4)]
  5208 | D:6      | Slain by Eustachio

Illustrated notes

Levels and vault maps discovered:
D:1:      dpeg_arrival_long_road, layout_loops_cross
D:2:      layout_loops_ring
D:3:      layout_rooms, xom_redecorated, nicolae_ecumenical_pavilion
D:4:      layout_rooms, serial_curves, eino_curves_04, eino_curves_03,
          eino_curves_04, st_stairs_5
D:5:      layout_loops_ring, minmay_temple_entry_drinking_statues,
          minmay_misc_feat_tower, feat_on_display
D:6:      layout_loops_ring, uniq_eustachio
Temple:   nicolae_temple_no_exploring_needed

Skill      XL: |  1  2  3  4  5  6  7  8 |
---------------+-------------------------+-----
Stealth        | 1 2 3 5 6 |  6.0
Long Blades    | 3 4 6 7 |  7.4
Dodging        | 4 |  4.0
Fighting       | 4 |  4.0
Shields        | 4 |  4.0

Action                   |  1- 3 |  4- 6 |  7- 9 || total
-------------------------+-------+-------+-------++-------
Melee: Long sword        |    89 |    78 |    90 ||   257
       Tentacles         |    16 |    17 |    24 ||    57
       Constrict         |    16 |    21 |    20 ||    57
       Punch             |     1 |     2 |     1 ||     4
Throw: Dart              |     2 |     2 |     6 ||    10
Invok: Call Merchant     |       |       |     1 ||     1
Evoke: Wand              |       |       |     2 ||     2
  Use: Scroll            |     2 |     5 |     2 ||     9
       Potion            |       |     1 |     7 ||     8
 Stab: Sleeping          |    10 |     8 |     4 ||    22
       Distracted        |       |       |     2 ||     2
Armor: Skin              |     9 |     5 |     4 ||    18
Dodge: Dodged            |    50 |    29 |    57 ||   136
Block: Buckler           |    12 |    18 |    19 ||    49
